TOP OF THE 1ST |
Minnesota Death Stars batting - Pitching for Little Rock Lemmiwinks : RHP António Gamboa
|
Pitching: RHP António Gamboa
|
|
Batting: RHB Lou Hammond
|
0-0: DOUBLE (Flyball, 8RD)
|
Batting: LHB Larry Wright
|
0-0: Called Strike Lou Hammond is caught stealing 3rd base 0-1: Foul Ball, location: 2F 0-2: Strikes out swinging
|
Batting: LHB Chris Henry
|
0-0: Ball 1-0: Called Strike 1-1: Called Strike 1-2: Strikes out swinging
|
Top of the 1st over - 0 runs, 1 hit, 0 errors, 0 left on base; Minnesota 0 - Little Rock 0 |
BOTTOM OF THE 1ST |
Little Rock Lemmiwinks batting - Pitching for Minnesota Death Stars : LHP José Sánchez
|
Pitching: LHP José Sánchez
|
|
Batting: LHB Cisco Salazar
|
0-0: Ball 1-0: Called Strike 1-1: Foul Ball, location: 2F 1-2: Strikes out swinging
|
Batting: RHB Germán Vargas
|
0-0: Ball 1-0: Called Strike 1-1: Ball 2-1: Foul Ball, location: 2F 2-2: Ball 3-2: Fly out, F8 (Flyball, 8RS)
|
Batting: RHB Eduardo Rojas
|
0-0: Called Strike 0-1: Swinging Strike 0-2: Ball 1-2: Ball 2-2: Strikes out looking
|
Bottom of the 1st over - 0 runs, 0 hits, 0 errors, 0 left on base; Minnesota 0 - Little Rock 0 |
TOP OF THE 2ND |
Minnesota Death Stars batting - Pitching for Little Rock Lemmiwinks : RHP António Gamboa
|
Batting: RHB Manuel Cintrón
|
0-0: Ball 1-0: Ball 2-0: Called Strike 2-1: Ball 3-1: Base on Balls
|
Batting: RHB Sidney Smith
|
0-0: Called Strike 0-1: Ball 1-1: Foul Ball, location: 2F 1-2: Fielders Choice at 2nd, 5-4 (Groundball, 56)
|
Batting: LHB Bill Poe
|
0-0: Ball 1-0: Ball 2-0: Ball 3-0: Called Strike 3-1: Foul Ball, location: 2F 3-2: Foul Ball, location: 2F 3-2: Base on Balls Sidney Smith to second
|
Batting: RHB Ernesto Quintero
|
0-0: Foul Ball, location: 2F 0-1: Called Strike 0-2: Ball 1-2: Fly out, F9 (Flyball, 89M)
|
Batting: RHB Danny Scott
|
0-0: Swinging Strike 0-1: SINGLE (Groundball, 6D) Sidney Smith to third Bill Poe to second Runner from 3rd tries for Home, throw and OUT!
|
Top of the 2nd over - 0 runs, 1 hit, 0 errors, 2 left on base; Minnesota 0 - Little Rock 0 |
BOTTOM OF THE 2ND |
Little Rock Lemmiwinks batting - Pitching for Minnesota Death Stars : LHP José Sánchez
|
Batting: RHB Kokaji Ridha
|
0-0: Foul Ball, location: 2F 0-1: Ball 1-1: Called Strike 1-2: Ball 2-2: Ground out 6-3 (Groundball, 6)
|
Batting: RHB Roberto Valdéz
|
0-0: Ball 1-0: Called Strike 1-1: Called Strike 1-2: Ball 2-2: Strikes out swinging
|
Batting: RHB José Rodríguez
|
0-0: Foul Ball, location: 2F 0-1: Swinging Strike 0-2: Ball 1-2: Strikes out swinging
|
Bottom of the 2nd over - 0 runs, 0 hits, 0 errors, 0 left on base; Minnesota 0 - Little Rock 0 |
TOP OF THE 3RD |
Minnesota Death Stars batting - Pitching for Little Rock Lemmiwinks : RHP António Gamboa
|
Batting: LHB Doyle Price
|
0-0: Ball 1-0: Foul Ball, location: 2F 1-1: SINGLE (Groundball, 34S) (infield hit)
|
Batting: RHB Lou Hammond
|
0-0: Called Strike 0-1: Swinging Strike 0-2: Strikes out looking
|
Batting: LHB Larry Wright
|
0-0: Swinging Strike 0-1: Ball 1-1: Ball 2-1: DOUBLE (Flyball, 89D) Doyle Price to third Runner from 3rd tries for Home, SAFE, no throw
|
Batting: LHB Chris Henry
|
0-0: Ball 1-0: Ball 2-0: Ball 3-0: Base on Balls
|
Batting: RHB Manuel Cintrón
|
0-0: Ball 1-0: Fly out, F8 (Flyball, 8LM)
|
Batting: RHB Sidney Smith
|
0-0: Called Strike 0-1: Ball 1-1: Ball 2-1: 3-RUN HOME RUN (Flyball, 7D), Distance : 398 ft
|
Batting: LHB Bill Poe
|
0-0: Ball 1-0: Ball 2-0: Called Strike 2-1: Swinging Strike 2-2: Strikes out looking
|
Top of the 3rd over - 4 runs, 3 hits, 0 errors, 0 left on base; Minnesota 4 - Little Rock 0 |
BOTTOM OF THE 3RD |
Little Rock Lemmiwinks batting - Pitching for Minnesota Death Stars : LHP José Sánchez
|
Batting: RHB Artie Mills
|
0-0: Ball 1-0: Ball 2-0: Called Strike 2-1: Fly out, F3 (Line Drive, 34)
|
Batting: RHB Jack Crossey
|
0-0: Called Strike 0-1: Ball 1-1: Ball 2-1: Foul Ball, location: 2F 2-2: Ball 3-2: Strikes out swinging
|
Batting: RHB Norberto Gallardo
|
0-0: Ball 1-0: Called Strike 1-1: Ball 2-1: Called Strike 2-2: TRIPLE (Flyball, 78XD)
|
Batting: LHB Cisco Salazar
|
0-0: Called Strike 0-1: Foul Ball, location: 2F 0-2: Ball 1-2: Ground out 6-3 (Groundball, 6)
|
Bottom of the 3rd over - 0 runs, 1 hit, 0 errors, 1 left on base; Minnesota 4 - Little Rock 0 |
TOP OF THE 4TH |
Minnesota Death Stars batting - Pitching for Little Rock Lemmiwinks : RHP António Gamboa
|
Batting: RHB Ernesto Quintero
|
0-0: Ball 1-0: Ball 2-0: Ball 3-0: Foul Ball, location: 2F 3-1: Called Strike 3-2: Strikes out swinging
|
Batting: RHB Danny Scott
|
0-0: Called Strike 0-1: Ball 1-1: Ball 2-1: Foul Ball, location: 2F 2-2: Ball 3-2: Foul Ball, location: 2F 3-2: Base on Balls
|
Pitching: LHP Rick Davis
|
|
Batting: LHB Doyle Price
|
0-0: Ball 1-0: Ball 2-0: Called Strike 2-1: Ball 3-1: Foul Ball, location: 2F 3-2: Foul Ball, location: 2F 3-2: Foul Ball, location: 2F 3-2: Strikes out swinging
|
Batting: RHB Lou Hammond
|
0-0: Ball 1-0: Swinging Strike 1-1: Ball 2-1: Ball 3-1: Base on Balls Danny Scott to second
|
Batting: LHB Larry Wright
|
0-0: Called Strike 0-1: Swinging Strike 0-2: Foul Ball, location: 2F 0-2: Strikes out swinging
|
Top of the 4th over - 0 runs, 0 hits, 0 errors, 2 left on base; Minnesota 4 - Little Rock 0 |
BOTTOM OF THE 4TH |
Little Rock Lemmiwinks batting - Pitching for Minnesota Death Stars : LHP José Sánchez
|
Batting: RHB Germán Vargas
|
0-0: Swinging Strike 0-1: Ground out 6-3 (Groundball, 6S)
|
Batting: RHB Eduardo Rojas
|
0-0: SINGLE (Line Drive, 78S)
|
Batting: RHB Kokaji Ridha
|
0-0: Called Strike 0-1: Foul Ball, location: 2F 0-2: Ball 1-2: Ground out U3 (Groundball, 34S) Eduardo Rojas to second
|
Batting: RHB Roberto Valdéz
|
0-0: Swinging Strike 0-1: Fly out, F7 (Flyball, 7LS)
|
Bottom of the 4th over - 0 runs, 1 hit, 0 errors, 1 left on base; Minnesota 4 - Little Rock 0 |
TOP OF THE 5TH |
Minnesota Death Stars batting - Pitching for Little Rock Lemmiwinks : LHP Rick Davis
|
Batting: LHB Chris Henry
|
0-0: Called Strike 0-1: Ball 1-1: Swinging Strike 1-2: Strikes out swinging
|
Batting: RHB Manuel Cintrón
|
0-0: Called Strike 0-1: Ball 1-1: Foul Ball, location: 2F 1-2: Strikes out swinging
|
Batting: RHB Sidney Smith
|
0-0: Called Strike 0-1: Foul Ball, location: 2F 0-2: Ball 1-2: Foul Ball, location: 2F 1-2: Ground out 6-3 (Groundball, 6)
|
Top of the 5th over - 0 runs, 0 hits, 0 errors, 0 left on base; Minnesota 4 - Little Rock 0 |
BOTTOM OF THE 5TH |
Little Rock Lemmiwinks batting - Pitching for Minnesota Death Stars : LHP José Sánchez
|
Batting: RHB José Rodríguez
|
0-0: Fly out, F7 (Flyball, 7LSF)
|
Batting: RHB Artie Mills
|
0-0: Ball 1-0: Called Strike 1-1: Ball 2-1: Foul Ball, location: 2F 2-2: Strikes out swinging
|
Batting: RHB Jack Crossey
|
0-0: Ball 1-0: Foul Ball, location: 2F 1-1: Ball 2-1: Ball 3-1: Base on Balls
|
Batting: RHB Norberto Gallardo
|
0-0: Called Strike 0-1: Ball 1-1: Foul Ball, location: 2F 1-2: Fly out, F9 (Flyball, 89D)
|
Bottom of the 5th over - 0 runs, 0 hits, 0 errors, 1 left on base; Minnesota 4 - Little Rock 0 |
TOP OF THE 6TH |
Minnesota Death Stars batting - Pitching for Little Rock Lemmiwinks : LHP Rick Davis
|
Batting: LHB Bill Poe
|
0-0: Foul Ball, location: 2F 0-1: Ball 1-1: Swinging Strike 1-2: Strikes out looking
|
Batting: RHB Ernesto Quintero
|
0-0: Ball 1-0: Swinging Strike 1-1: Foul Ball, location: 2F 1-2: Ball 2-2: Ball 3-2: Base on Balls
|
Batting: RHB Danny Scott
|
0-0: Called Strike 0-1: Ball 1-1: Ball 2-1: Ball 3-1: Base on Balls Ernesto Quintero to second
|
Batting: LHB Doyle Price
|
0-0: Ball 1-0: TRIPLE (Line Drive, 89XD) Ernesto Quintero scores Danny Scott scores
|
Batting: RHB Lou Hammond
|
0-0: Called Strike 0-1: Foul Ball, location: 2F 0-2: Ball 1-2: Ball 2-2: Foul Ball, location: 2F 2-2: Ball 3-2: Foul Ball, location: 2F 3-2: Base on Balls
|
Batting: LHB Larry Wright
|
0-0: Called Strike 0-1: Ground out 3-1 (Groundball, 34S) Doyle Price scores Lou Hammond to second
|
Batting: LHB Chris Henry
|
0-0: Foul Ball, location: 2F 0-1: Fly out, F3 (Line Drive, 34S)
|
Top of the 6th over - 3 runs, 1 hit, 0 errors, 1 left on base; Minnesota 7 - Little Rock 0 |
BOTTOM OF THE 6TH |
Little Rock Lemmiwinks batting - Pitching for Minnesota Death Stars : LHP José Sánchez
|
Batting: LHB Cisco Salazar
|
0-0: Reached on error, E6 (Groundball, 6M)
|
Batting: RHB Germán Vargas
|
0-0: Called Strike 0-1: Called Strike 0-2: Ball 1-2: SINGLE (Line Drive, 7LM) Cisco Salazar to second Cisco Salazar to third
|
Batting: RHB Eduardo Rojas
|
0-0: Called Strike 0-1: Swinging Strike 0-2: Ball 1-2: Fly out, F4 (Line Drive, 4M)
|
Batting: RHB Kokaji Ridha
|
0-0: Ball 1-0: Ball 2-0: Foul Ball, location: 2F 2-1: Swinging Strike 2-2: Foul Ball, location: 2F 2-2: Strikes out swinging
|
Batting: RHB Roberto Valdéz
|
0-0: Called Strike 0-1: Foul Ball, location: 2F 0-2: Ball 1-2: Fielders Choice at 2nd, 6-4 (Groundball, 6)
|
Bottom of the 6th over - 0 runs, 1 hit, 1 error, 2 left on base; Minnesota 7 - Little Rock 0 |
TOP OF THE 7TH |
Minnesota Death Stars batting - Pitching for Little Rock Lemmiwinks : LHP Rick Davis
|
Batting: RHB Manuel Cintrón
|
0-0: Ground out 5-3 (Groundball, 56S)
|
Batting: RHB Sidney Smith
|
0-0: Foul Ball, location: 2F 0-1: Ground out 6-3 (Groundball, 6)
|
Batting: LHB Bill Poe
|
0-0: Called Strike 0-1: Ball 1-1: Ball 2-1: Ball 3-1: Called Strike 3-2: Foul Ball, location: 2F 3-2: Strikes out swinging
|
Top of the 7th over - 0 runs, 0 hits, 0 errors, 0 left on base; Minnesota 7 - Little Rock 0 |
BOTTOM OF THE 7TH |
Little Rock Lemmiwinks batting - Pitching for Minnesota Death Stars : LHP José Sánchez
|
Batting: RHB José Rodríguez
|
0-0: Called Strike 0-1: DOUBLE (Line Drive, 3D)
|
Batting: RHB Artie Mills
|
0-0: Fly out, F9 (Flyball, 9S)
|
Batting: RHB Jack Crossey
|
0-0: Ball José Rodríguez steals 3rd base 1-0: Called Strike 1-1: Ball 2-1: SINGLE (Flyball, 7LS) José Rodríguez scores
|
Batting: RHB Norberto Gallardo
|
0-0: Ball 1-0: Foul Ball, location: 2F 1-1: Swinging Strike 1-2: Ball 2-2: Hit by Pitch Jack Crossey to second
|
Pitching: RHP Jude Miller
|
|
Batting: LHB Cisco Salazar
|
0-0: Called Strike 0-1: Called Strike 0-2: Foul Ball, location: 2F 0-2: Fly out, F5 (Line Drive, 56)
|
Batting: RHB Germán Vargas
|
0-0: Ball 1-0: Called Strike 1-1: Ball 2-1: Foul Ball, location: 2F 2-2: Foul Ball, location: 2F 2-2: Fly out, F7 (Line Drive, 7)
|
Bottom of the 7th over - 1 run, 2 hits, 0 errors, 2 left on base; Minnesota 7 - Little Rock 1 |
TOP OF THE 8TH |
Minnesota Death Stars batting - Pitching for Little Rock Lemmiwinks : LHP Rick Davis
|
Pitching: RHP Shawn Moore
|
|
Batting: RHB Ernesto Quintero
|
0-0: Ball 1-0: Swinging Strike 1-1: Foul Ball, location: 2F 1-2: Ball 2-2: Strikes out looking
|
Batting: RHB Danny Scott
|
0-0: Foul Ball, location: 2F 0-1: Ball 1-1: Foul Ball, location: 2F 1-2: Ground out 5-3 (Groundball, 56)
|
Batting: LHB Doyle Price
|
0-0: Called Strike 0-1: Foul Ball, location: 2F 0-2: Ball 1-2: Fly out, F7 (Flyball, 78M)
|
Top of the 8th over - 0 runs, 0 hits, 0 errors, 0 left on base; Minnesota 7 - Little Rock 1 |
BOTTOM OF THE 8TH |
Little Rock Lemmiwinks batting - Pitching for Minnesota Death Stars : RHP Jude Miller
|
Batting: RHB Eduardo Rojas
|
0-0: Ball 1-0: Foul Ball, location: 2F 1-1: SINGLE (Line Drive, 6MD)
|
Batting: RHB Kokaji Ridha
|
0-0: Fly out, F4 (Popup, 4M)
|
Batting: RHB Roberto Valdéz
|
0-0: Ball 1-0: Ball 2-0: SINGLE (Line Drive, 56) Eduardo Rojas to second
|
Batting: RHB José Rodríguez
|
0-0: Called Strike 0-1: SINGLE (Line Drive, 7LM) Eduardo Rojas to third Roberto Valdéz to second Runner from 3rd tries for Home, SAFE, no throw
|
Batting: RHB Artie Mills
|
0-0: Ball 1-0: Swinging Strike 1-1: Ball 2-1: Swinging Strike 2-2: Foul Ball, location: 2F 2-2: Ball 3-2: Grounds into double play, 4-6-3 (Groundball, 34)
|
Bottom of the 8th over - 1 run, 3 hits, 0 errors, 1 left on base; Minnesota 7 - Little Rock 2 |
TOP OF THE 9TH |
Minnesota Death Stars batting - Pitching for Little Rock Lemmiwinks : RHP Shawn Moore
|
Batting: RHB Lou Hammond
|
0-0: Called Strike 0-1: Foul Ball, location: 2F 0-2: Ball 1-2: Strikes out swinging
|
Batting: LHB Larry Wright
|
0-0: Ball 1-0: Ball 2-0: Ball 3-0: Called Strike 3-1: Foul Ball, location: 2F 3-2: Strikes out swinging
|
Batting: LHB Chris Henry
|
0-0: Ground out U3 (Groundball, 3)
|
Top of the 9th over - 0 runs, 0 hits, 0 errors, 0 left on base; Minnesota 7 - Little Rock 2 |
BOTTOM OF THE 9TH |
Little Rock Lemmiwinks batting - Pitching for Minnesota Death Stars : RHP Jude Miller
|
Batting: RHB Jack Crossey
|
0-0: Ball 1-0: Fly out, F7 (Flyball, 7LSF)
|
Batting: RHB Norberto Gallardo
|
0-0: Called Strike 0-1: Swinging Strike 0-2: Ground out 5-3 (Groundball, 56D)
|
Batting: LHB Cisco Salazar
|
0-0: Ball 1-0: Ball 2-0: Called Strike 2-1: Ball 3-1: Base on Balls
|
Batting: RHB Germán Vargas
|
0-0: Called Strike 0-1: Swinging Strike 0-2: Ball 1-2: Ball 2-2: Ball 3-2: Base on Balls Cisco Salazar to second
|
Batting: RHB Eduardo Rojas
|
0-0: Ball 1-0: Fly out, F8 (Flyball, 8LD)
|
Bottom of the 9th over - 0 runs, 0 hits, 0 errors, 2 left on base; Minnesota 7 - Little Rock 2 |
|